 Dungeon Crawl Stone Soup version 0.26-a0-1161-g0398aca569 (webtiles) character file.

Game seed: 17030926988537430719

284 RedPan the Insei (level 6, -1/47 HPs)
             Began as a Draconian Transmuter on Dec 23, 2020.
             Was a Follower of Cheibriados.
             Killed from afar by an orc wizard (9 damage)
             ... with a magic dart
             ... on level 3 of the Dungeon.
             The game lasted 00:08:16 (3795 turns).

RedPan the Insei (Draconian Transmuter)             Turns: 3795, Time: 00:08:17

Health: -1/47      AC:  2    Str: 15    XL:     6   Next: 7%
Magic:  6/9        EV: 20    Int: 17    God:    Cheibriados [*.....]
Gold:   146        SH:  0    Dex: 21    Spells: 1/9 levels left

rFire    . . .     SeeInvis .     - Unarmed
rCold    . . .     Faith    .   (shield currently unavailable)
rNeg     . . .     Spirit   .   (armour unavailable)
rPois    x         Reflect  .   (helmet currently unavailable)
rElec    .         Harm     .   (cloak currently unavailable)
rCorr    .         Rampage  .   (gloves currently unavailable)
Will     .....                  (boots currently unavailable)
Stlth    ++........             (no amulet)
HPRegen  0.15/turn              (no ring)
MPRegen  0.11/turn              (no ring)

@: spider-form, very slow
A: tiny, unfitting armour, AC +6
a: End Transformation, Renounce Religion, Bend Time


You were on level 3 of the Dungeon.
You worshipped Cheibriados.
Cheibriados was aware of your devotion.
You were a venomous arachnid creature.
You visited 1 branch of the dungeon, and saw 3 of its levels.
You also visited: Sewer.

You collected 146 gold pieces.

Inventory:

Armour
 g - a +1 pair of gloves (melded)
Jewellery
 i - an uncursed amulet of regeneration {unknown}
Wands
 h - a wand of polymorph (19)
 n - a wand of flame (14)
Scrolls
 d - a scroll of enchant armour
 e - 2 scrolls of fog
 k - a scroll of teleportation
Potions
 a - a potion of mutation {unknown}
 b - a potion of curing {unknown}
 c - a potion of magic
 f - 2 potions of haste {unknown}
 j - 2 potions of heal wounds {unknown}
 m - a potion of lignification {unknown}
 o - a potion of flight {unknown}


   Skills:
 - Level 1.1 Fighting
 + Level 2.0 Dodging
 * Level 5.3 Unarmed Combat
 + Level 2.0 Spellcasting
 + Level 3.9 Transmutations
 - Level 2.0 Poison Magic


You had one spell level left.
You knew the following spells:

 Your Spells              Type           Power        Failure   Level
a - Beastly Appendage     Tmut           30%          12%         1
b - Spider Form           Tmut/Pois      5%           36%         3
c - Ice Form              Ice/Tmut       8%           83%         4

Your spell library contained the following spells:

 Spells                   Type           Power        Failure   Level
 Wereblood                Tmut           15%          17%         2
 Blade Hands              Tmut           7%           87%         5


Dungeon Overview and Level Annotations

Branches:
Dungeon (3/15)              Sewer (visited)

Altars:
Ashenzari
Cheibriados
Dithmenos
Nemelex Xobeh


Innate Abilities, Weirdness & Mutations

((Your plain brown scales are hard. (AC +6)))
You cannot fit into any form of body armour.
((You are cold-blooded and may be slowed by cold attacks.))


Message History

The orc wizard is lightly wounded.
You hit the orc wizard but do no damage.
The orc wizard is lightly wounded.
The orc wizard misses you.
You closely miss the orc wizard.
You tail-slap the orc wizard, but do no damage.
The orc wizard is lightly wounded.
The orc wizard hits you with a +0 dagger.
Casting: Spider Form (dangerous; 17% risk of failure)
Confirm with . or Enter, or press ? or * to list all spells.
You turn into a venomous arachnid creature.
Your +1 pair of gloves melds into your body.
The orc wizard casts a spell at you. The puff of flame hits you!
* * * LOW HITPOINT WARNING * * *
You barely miss the orc wizard.
The orc wizard is lightly wounded.
The orc wizard points at you and mumbles some strange words.
The magic dart hits you!
You die...

.#§._≈#.# .#≈.>≈#.#
.#≈≈≈≈#.# ..######
.######.# ......
........# .....
#....#[## ... ####.#.#
..#
#.#.##########.#######
#.#....(((..)s........
#.#########.)o.######
#.#...# #.....#
#.##..#####...#.#
#.........#...#..#
####..###.#...##.#
#..# #.#...# .# #..#
#.#...# .. #..#
#.#...# #.#


You could see an orc wizard.

Vanquished Creatures
  Purgy (Sewer)
  Ijyb (D:3)
  7 adders (D:2)
  2 oozes
  2 worms (D:3)
  A dart slug (D:2)
  3 leopard geckos (D:2)
  3 orcs (D:3)
  2 ball pythons
  12 bats
  7 giant cockroaches
  8 goblins
  11 hobgoblins
  7 jackals
  A quokka (D:2)
  2 frilled lizards
  11 kobolds
  4 rats
85 creatures vanquished.

Notes
Turn   | Place    | Note
-------+----------+-------------------------------------------
     0 | D:1      | RedPan the Draconian Transmuter began the quest for the
                  | Orb.
     0 | D:1      | Reached XP level 1. HP: 16/16 MP: 3/3
   327 | D:1      | Reached XP level 2. HP: 23/23 MP: 1/5
   907 | D:1      | Reached XP level 3. HP: 25/28 MP: 4/6
  1362 | D:2      | Learned a level 3 spell: Spider Form
  1561 | D:2      | Reached skill level 4 in Unarmed Combat
  1661 | D:2      | Reached XP level 4. HP: 27/35 MP: 5/7
  2088 | D:2      | Found a sparkling altar of Nemelex Xobeh.
  2094 | D:2      | Reached skill level 1 in Poison Magic
  2100 | D:2      | Found a snail-covered altar of Cheibriados.
  2101 | D:2      | Found a broken altar of Ashenzari.
  2104 | D:2      | Became a worshipper of Cheibriados the Contemplative
  2739 | D:2      | Reached * piety under Cheibriados
  2740 | D:2      | Reached XP level 5. HP: 37/40 MP: 6/8
  2894 | D:3      | Found a shadowy altar of Dithmenos.
  3108 | D:3      | Noticed Ijyb
  3124 | D:3      | Killed Ijyb
  3382 | D:3      | Found a glowing drain.
  3416 | Sewer    | Entered a sewer
  3495 | Sewer    | Noticed Purgy
  3500 | Sewer    | Killed Purgy
  3501 | Sewer    | Reached skill level 5 in Unarmed Combat
  3501 | Sewer    | Reached XP level 6. HP: 41/47 MP: 5/9
  3544 | Sewer    | Learned a level 4 spell: Ice Form
  3795 | D:3      | Killed from afar by an orc wizard

Illustrated notes

Levels and vault maps discovered:
D:1:      mrwooster_arrival_statue_2, layout_basic
D:2:      minmay_razor_zed, layout_loops_corners, minitemple,
          minmay_randomly_rotated_circles
D:3:      layout_basic, general_overflow_altar, cheibrodos_sewer_entry_bend,
          kennysheep_generic_room_2, uniq_terence, uniq_ijyb

Skill      XL: |  1  2  3  4  5 |
---------------+----------------+-----
Dodging        | 2 |  2.0
Transmutations | 3 |  3.9
Unarmed Combat | 4 5 |  5.3
Poison Magic   | 1 2 |  2.0
Fighting       | |  1.1
Spellcasting   | |  2.0

Action                   |  1- 3 |  4- 6 || total
-------------------------+-------+-------++-------
Melee: Unarmed           |   112 |   133 ||   245
       Tailslap          |     7 |    13 ||    20
       Headbutt          |     6 |     9 ||    15
       Kick              |    18 |    15 ||    33
 Cast: Beastly Appendage |    16 |    16 ||    32
       Spider Form       |       |     6 ||     6
  Use: Scroll            |       |     6 ||     6
       Potion            |       |     1 ||     1
 Stab: Sleeping          |     1 |     5 ||     6
Armor: Skin              |    46 |    35 ||    81
Dodge: Dodged            |    89 |   118 ||   207

Table legend: (Time is in decaauts)
 A = Elapsed time spent in this place.
 B = Non-inter-level travel time spent in this place.
 C = Inter-level travel time spent in this place.
 D = Time resting spent in this place.
 E = Time spent auto-exploring this place.
 F = Levels seen in this place.
 G = Mean time per level.
                   A        B        C        D        E       F      G
               +--------+--------+--------+--------+--------+-----+--------+
         Total |   4127 |   4081 |     46 |    918 |   2519 |   4 | 1031.8 |
       Dungeon |   3854 |   3808 |     46 |    888 |   2343 |   3 | 1284.7 |
         Sewer |    273 |    273 |      0 |     30 |    175 |   1 |  273.0 |
               +--------+--------+--------+--------+--------+-----+--------+

Top non-repeatable levels by time:
     D:2: 1869 daAuts
     D:1: 1018 daAuts
     D:3: 966 daAuts
   Sewer: 273 daAuts
